 Dungeon Crawl Stone Soup version 0.22-a0-542-gce4f928 (webtiles) character file.

38 iamserjio the Insei (level 3, -6/33 HPs)
             Began as a Draconian Monk on June 24, 2018.
             Mangled by a gnoll (8 damage)
             ... on level 3 of the Dungeon.
             The game lasted 00:02:48 (276 turns).

iamserjio the Insei (Draconian Monk)                 Turns: 276, Time: 00:02:48

Health: -6/33      AC:  5    Str: 13    XL:     3   Next: 25%
Magic:  3/3        EV: 13    Int: 11    God:
Gold:   38         SH:  0    Dex: 13    Spells: 2/2 levels left

rFire    . . .     SeeInvis .     - Unarmed
rCold    . . .     Gourm    .   (no shield)
rNeg     . . .     Faith    .   (armour unavailable)
rPois    .         Spirit   .   (helmet restricted)
rElec    .         Reflect  .   (no cloak)
rCorr    .         Harm     .   (no gloves)
MR       .....                  (no boots)
Stlth    ++........             (no amulet)
HPRegen  0.11/turn              (no ring)
MPRegen  0.08/turn              (no ring)

@: no status effects
A: unfitting armour, cold-blooded, AC +5
a: no special abilities


You were on level 3 of the Dungeon.
You were not hungry.

You visited 1 branch of the dungeon, and saw 3 of its levels.

You collected 38 gold pieces.

Inventory:

Missiles
 b - 17 stones (quivered)
Scrolls
 c - a scroll of enchant armour {unknown}
 f - a scroll of identify {unknown}
Comestibles
 a - a ration


   Skills:
 + Level 3.8 Fighting
 - Level 2.6 Dodging
 - Level 1.7 Stealth
 * Level 4.0 Unarmed Combat


You had 2 spell levels left.
You didn't know any spells.
Your spell library was empty.

Dungeon Overview and Level Annotations

Branches:
Dungeon (3/15)

Altars:


Innate Abilities, Weirdness & Mutations

Your plain brown scales are hard. (AC +5)
You cannot fit into any form of body armour.
You are cold-blooded and may be slowed by cold attacks.


Message History

The rat moves out of view.
You hit the kobold.
You kill the kobold!
The gnoll hits you.
* * * LOW HITPOINT WARNING * * *
You hit the gnoll but do no damage. You tail-slap the gnoll.
The gnoll is heavily wounded.
The gnoll closely misses you.
You closely miss the gnoll.
You tail-slap the gnoll, but do no damage.
The gnoll is heavily wounded.
The frilled lizard bites you but does no damage.
The gnoll hits you.
* * * LOW HITPOINT WARNING * * *
You aren't carrying any potions.
Unknown command.
You hit the gnoll.
The gnoll is almost dead.
The frilled lizard misses you. The gnoll hits you!
You die...

##.##...o.....#
.#..#....###.#.#
.........###...#
...............#
........###.....#
.#......### ###.#
...#......#.# .#
.. #...##g.?#
##...@#.##
##...l....#
##.......#
..$.......
#..#.#.....# #..
.#.....# ...
.####..# ..#. .#
..


You could see a gnoll and a frilled lizard.

Vanquished Creatures
  A hound (D:2)
  A goblin (D:1)
  A hobgoblin (D:2)
  4 bats
  4 kobolds
  2 rats
13 creatures vanquished.

Notes
Turn   | Place    | Note
-------+----------+-------------------------------------------
     0 | D:1      | iamserjio the Draconian Monk began the quest for the Orb.
     0 | D:1      | Reached XP level 1. HP: 19/19 MP: 1/1
   197 | D:2      | Reached XP level 2. HP: 7/26 MP: 2/2
   224 | D:2      | HP: 1/26 [hound (4)]
   240 | D:2      | Reached XP level 3. HP: 9/33 MP: 3/3
   247 | D:2      | Reached skill level 4 in Unarmed Combat
   276 | D:3      | Mangled by a gnoll

Vault maps used:
D:1:      saegor_arrival_miasma
D:2:      minmay_roachtagon, kennysheep_nondescript, hangedman_decor_push
D:3:      lemuel_castle_with_subvaults, minmay_rat_hole

Skill      XL: |  1  2  3 |
---------------+----------+-----
Unarmed Combat | 4 |  4.0
Fighting       | |  3.8
Dodging        | |  2.6
Stealth        | |  1.7

Action                   || total
-------------------------++-------
Melee: Unarmed           ||    64
       Tailslap          ||     6
  Use: Potion            ||     2
Armor: Skin              ||    20
Dodge: Dodged            ||    61

Table legend:
 A = Spawn XP
 B = Non-spawn XP
 C = Spawn XP percentage of total XP
 D = Spawn monster count
 E = Non-spawn monster count
 F = Spawn count percentage of total count
 G = Total turns spent on level
                    A         B        C        D         E        F      G
               +---------+---------+-------+---------+---------+-------+---------
         Total |       0 |      55 |   0.0 |       0 |      13 |   0.0 |   276
               +---------+---------+-------+---------+---------+-------+---------
           D:1 |       0 |       5 |   0.0 |       0 |       4 |   0.0 |   132
           D:2 |       0 |      49 |   0.0 |       0 |       8 |   0.0 |   130
           D:3 |       0 |       1 |   0.0 |       0 |       1 |   0.0 |    14
               +---------+---------+-------+---------+---------+-------+---------
